 Dungeon Crawl Stone Soup version 0.29.1-4-g47bece8355 (webtiles) character file.

Game seed: 10036637160424243121

21445 MajorAdolf the Destroyer (level 12, -7/112 HPs)
             Began as a Naga Wanderer on Dec 10, 2022.
             Was an Initiate of Gozag.
             Mangled by a cyan ugly thing (16 damage)
             ... on level 13 of the Dungeon.
             The game lasted 00:38:21 (24588 turns).

MajorAdolf the Destroyer (Naga Wanderer)           Turns: 24588, Time: 00:38:22

Health: -7/112     AC: 14    Str: 13    XL:     12   Next: 90%
Magic:  8/25       EV:  9    Int: 20    God:    Gozag
Gold:   1520       SH: 10    Dex:  8    Spells: 25/29 levels left

rFire   + . .      SeeInvis +   L - +2 broad axe (flame)
rCold   . . .      Faith    .   N - +0 buckler
rNeg    + . .      Spirit   .   O - +3 ring mail {Will+}
rPois   +          Reflect  +   W - +2 hat
rElec   .          Harm     .   Z - +0 cloak {Stlth+}
rCorr   +          Rampage  .   R - +1 pair of gloves "Negrol" {rF+ Dex-2 Stlth+}
Will    ++...                   (no barding)
Stlth   ++++......              x - amulet of reflection
HPRegen 0.28/turn               T - ring of resist corrosion
MPRegen 0.19/turn               Y - ring of positive energy

@: about to teleport, gold aura, very slow
A: AC +4, large, see invisible, deformed body, poison resistance, slowness 2,
spit poison 1, naga tail 1, no potion heal 1
a: Spit Poison, Renounce Religion, Potion Petition, Call Merchant, Bribe Branch


You were on level 13 of the Dungeon.
You worshipped Gozag.
Gozag was most pleased with you.
You visited 1 branch of the dungeon, and saw 13 of its levels.
You also visited: Gauntlet.

You collected 2496 gold pieces.
You spent 228 gold pieces at shops.
You paid 748 gold pieces to Gozag.

Inventory:

Hand Weapons
 f - the +7 scimitar of Iworif {freeze, +Blink rF+ Dex-2 Stlth+}
   (You found it in a Gauntlet)

   It freezes those it strikes, dealing additional cold damage.
   It can also slow down cold-blooded creatures.
   Dex:       It affects your dexterity (-2).
   rF:        It protects you from fire.
   +Blink:    It lets you blink.
   Stlth:     It makes you more stealthy.
 q - a +2 dagger of venom
 y - a +0 falchion of holy wrath
 L - a +2 broad axe of flaming (weapon)
Armour
 t - a +0 leather armour of fire resistance
 I - a +2 leather armour of cold resistance
 N - a +0 buckler (worn)
 O - a +3 ring mail of willpower (worn)
 R - the +1 pair of gloves "Negrol" (worn) {rF+ Dex-2 Stlth+}
   (You bought it in a shop on level 8 of the Dungeon)

   Dex:       It affects your dexterity (-2).
   rF:        It protects you from fire.
   Stlth:     It makes you more stealthy.
 W - a +2 hat (worn)
 Z - a +0 cloak of stealth (worn)
Magical Staves
 c - a staff of earth
 r - a staff of fire
Jewellery
 x - an amulet of reflection (around neck)
 C - an amulet of the acrobat
 T - a ring of resist corrosion (left hand)
 Y - a ring of positive energy (right hand)
Wands
 h - a wand of digging (3)
 n - a wand of mindburst (8)
 u - a wand of polymorph (1)
 A - a wand of light (14)
 F - a wand of flame (32)
Scrolls
 b - 4 scrolls of blinking
 d - a scroll of enchant weapon {unknown}
 k - 2 scrolls of immolation
 l - 4 scrolls of teleportation
 p - 3 scrolls of silence
 s - a scroll of torment
 v - 2 scrolls of enchant armour
 w - 2 scrolls of fear
 B - a scroll of amnesia {unknown}
 D - 3 scrolls of magic mapping
 G - a scroll of summoning
 J - 3 scrolls of poison
 K - a scroll of acquirement {unknown}
 M - 2 scrolls of brand weapon {unknown}
 P - 2 scrolls of butterflies {unknown}
 V - a scroll of vulnerability {unknown}
 X - a scroll of identify
Potions
 a - 2 potions of mutation
 e - 2 potions of degeneration {unknown}
 j - 2 potions of might {unknown}
 m - 2 potions of heal wounds
 o - 6 potions of curing
 z - a potion of cancellation {unknown}
 E - a potion of resistance
 H - 5 potions of haste
 Q - a potion of lignification {unknown}
 S - a potion of brilliance {unknown}
 U - a potion of flight {unknown}
Miscellaneous
 g - a tin of tremorstones (2/2)
 i - a lightning rod (4/4)


   Skills:
 + Level 8.8 Fighting
 + Level 8.7 Axes
 - Level 1.5 Armour
 - Level 5.0 Dodging
 - Level 5.0 Stealth
 + Level 6.9 Shields
 + Level 9.0 Spellcasting
 - Level 9.1 Conjurations
 - Level 2.0 Necromancy
 - Level 5.0 Earth Magic


You had 25 spell levels left.
You knew the following spells:

 Your Spells              Type           Power      Damage    Failure   Level
a - Sandblast             Erth           58%        2d13      2%          1
b - Stone Arrow           Conj/Erth      74%        3d11      3%          3

Your spell library contained the following spells:

 Spells                   Type           Power      Damage    Failure   Level
 Magic Dart               Conj           100%       1d8       1%          1
 Foxfire                  Conj/Fire      100%       2x1d9     3%          1
 Necrotise                Necr           68%        1d7       9%          1
 Iskenderun's Battlesphe  Conj           45%        2d10      13%         5
 Mephitic Cloud           Conj/Pois/Air  21%        N/A       17%         3
 Summon Small Mammal      Summ           36%        N/A       19%         1
 Call Imp                 Summ           9%         N/A       28%         2
 Ensorcelled Hibernation  Hex/Ice        18%        N/A       28%         2
 Hailstorm                Conj/Ice       27%        3d7       30%         4
 Gell's Gravitas          Tloc           9%         N/A       50%         3
 Lesser Beckoning         Tloc           9%         N/A       50%         3
 Ozocubu's Armour         Ice            9%         N/A       50%         3
 Spider Form              Tmut/Pois      9%         N/A       50%         3
 Teleport Other           Tloc           9%         N/A       50%         3
 Fireball                 Conj/Fire      13%        3d7       63%         5
 Anguish                  Hex/Necr       6%         N/A       77%         4
 Borgnjor's Vile Clutch   Necr/Erth      11%        N/A       77%         5
 Airstrike                Air            4%         2d(1-17)  88%         4
 Ice Form                 Ice/Tmut       9%         N/A       88%         4
 Olgreb's Toxic Radiance  Pois           9%         N/A       88%         4
 Summon Lightning Spire   Summ/Air       9%         N/A       88%         4
 Orb of Destruction       Conj           22%        9d8       98%         7
 Silence                  Hex/Air        4%         N/A       99%         5
 Conjure Ball Lightning   Conj/Air       13%        3x3d6     99%         6
 Death Channel            Necr           8%         N/A       100%        6
 Malign Gateway           Summ/Tloc      4%         N/A       100%        7
 Ozocubu's Refrigeration  Ice            4%         4d8       100%        7
 Ignition                 Fire           4%         3d4       100%        8
 Summon Horrible Things   Summ           4%         N/A       100%        8
 Animate Dead             Necr           Unusable   N/A       N/A         4
 Corpse Rot               Necr/Pois/Air  Unusable   N/A       N/A         4
 Simulacrum               Ice/Necr       Unusable   N/A       N/A         6

Dungeon Overview and Level Annotations

Branches:
Dungeon (13/15)            Temple (0/1) D:7            Lair (0/5) D:9
 Vaults (0/5) D:13        Gauntlet (visited)
    Orc: D:9-12

Altars:
Ashenzari
Cheibriados
Dithmenos
Gozag
Makhleb
Nemelex Xobeh
Okawaru
Sif Muna
Trog
Vehumet
The Shining One

Shops:
D:4 [   D:8 [

Portals:
Trove: D:10 (give 4 potions of resistance)

Annotations:
D:12 exclusion: downstairs


Innate Abilities, Weirdness & Mutations

Your serpentine skin is tough. (AC +4)
You have supernaturally acute eyesight. (SInv)
Armour fits poorly on your strangely shaped body.
Your system is resistant to poisons. (rPois)
You cover ground very slowly.
You can spit poison.
You have a snake-like lower body.
Potions are less effective at restoring your health.


Message History

The two-headed ogre is heavily wounded.
A cyan ugly thing comes into view.
The two-headed ogre hits you with a +0 giant club!!
The two-headed ogre barely misses you.
The cyan ugly thing gurgles horribly!
The stone arrow hits the two-headed ogre!
The two-headed ogre is heavily wounded.
The stone arrow hits the two-headed ogre.
The two-headed ogre is severely wounded.
The two-headed ogre hits you with a +0 giant club!!
The two-headed ogre hits you with a +0 giant spiked club!
You are too injured to fight recklessly!
Unknown command.
You are too injured to fight recklessly!
You are too injured to fight recklessly!
Casting: Stone Arrow (mildly dangerous; 3% risk of failure)
Confirm with . or Enter, or press ? or * to list all spells.
Aiming: Stone Arrow (mildly dangerous; 3% risk of failure)
Press: ? - help, Shift-Dir - straight line, f/p - two-headed ogre
Aim: a two-headed ogre, wielding a +0 giant club and a +0 giant spiked club (severely wounded, 88% to hit)
The stone arrow hits the two-headed ogre!
The two-headed ogre is almost dead.
The two-headed ogre hits you with a +0 giant club!!
The two-headed ogre hits you with a +0 giant spiked club!
* * * LOW HITPOINT WARNING * * *
Casting: Stone Arrow (mildly dangerous; 3% risk of failure)
Confirm with . or Enter, or press ? or * to list all spells.
Aiming: Stone Arrow (mildly dangerous; 3% risk of failure)
Press: ? - help, Shift-Dir - straight line, f/p - two-headed ogre
Aim: a two-headed ogre, wielding a +0 giant club and a +0 giant spiked club (almost dead, 88% to hit)
The stone arrow hits the two-headed ogre!!
You kill the two-headed ogre!
Unknown command.
Okay, then.
As you read the scroll of teleportation, it crumbles to dust.
You feel strangely unstable. The cyan ugly thing trunk-slaps you!
* * * LOW HITPOINT WARNING * * *
The cyan ugly thing shocks you!
You die...
Your body crumbles into a pile of gold.

*,* #..,,....>.......#
*,* #.#*##############
*,* #.# # *,* #.# # *,*
#.# ########
##.###.###### #.......
#...........# #.######
*,,**#u#**#.# #.# *,,*
#@# #.# #.###### *,,*
#.####.# #...(... *,,*
#...##.####.)#####
*..#####.##..........#
*............###..##.##
*.######.#<.......#....
*,,..........###.....∩.
***#####........###..##
#####.##.###..#


You could see a cyan ugly thing.

Vanquished Creatures
  A vault guard (D:10)
  A hydra (D:13)
  A boulder beetle (D:11)
  2 centaur warriors
  3 two-headed ogres
  Urug (D:13)
  A death scarab (Gauntlet)
  A tengu warrior (D:13)
  A spectral death yak (Gauntlet)
  A deep elf pyromancer (D:13)
  A shining eye (Gauntlet)
  A cyclops (D:13)
  A manticore (D:12)
  An eye of devastation (Gauntlet)
  3 gargoyles
  Maggie (D:6)
  An ice devil (Gauntlet)
  A troll (D:13)
  3 slime creatures
  Sigmund (D:4)
  2 wraiths
  2 wyverns
  16 humans (D:13)
  A golden eye (Gauntlet)
  A steam dragon (D:8)
  5 vampire mosquitoes (D:13)
  A basilisk (D:12)
  Menkaure (D:5)
  2 floating eyes (Gauntlet)
  6 orc warriors
  3 sky beasts (D:7)
  An ice beast (D:8)
  2 black bears
  2 ogres
  3 centaurs
  2 phantoms
  6 kobold brigands
  3 bullfrogs
  3 gnoll sergeants
  A necrophage (D:6)
  5 scorpions
  3 wights (D:8)
  6 killer bees (D:8)
  12 howler monkeys
  An electric eel (D:6)
  4 orc priests
  A hound (D:5)
  3 jellies
  2 gnoll boudas (D:5)
  Ijyb (D:2)
  4 iguanas
  15 orc wizards
  25 gnolls
  12 adders
  4 white imps
  An ufetubus (D:5)
  2 worms
  3 dart slugs
  70 orcs
  9 ball pythons
  5 endoplasms
  7 giant cockroaches
  9 goblins
  8 hobgoblins
  27 kobolds
  4 quokkas
  7 bats
  3 frilled lizards
  6 rats
349 creatures vanquished.

Vanquished Creatures (collateral kills)
  A minotaur (Gauntlet)
1 creature vanquished.

Vanquished Creatures (others)
  A deep elf pyromancer (D:13)
  14 demonic plants (Gauntlet)
  9 plants (D:7)
24 creatures vanquished.

Grand Total: 374 creatures vanquished

Notes
Turn   | Place    | Note
-------+----------+-------------------------------------------
     0 | D:1      | MajorAdolf the Naga Wanderer began the quest for the Orb.
     0 | D:1      | MajorAdolf set off with the following items: a +0 club, a
                  | scroll of blinking, a +0 robe, a +0 pair of gloves; and the
                  | following spells available to memorise: Necrotise,
                  | Sandblast, Stone Arrow, Animate Dead, Corpse Rot.
     0 | D:1      | Reached XP level 1. HP: 18/18 MP: 3/3
     2 | D:1      | Learned a level 1 spell: Sandblast
   194 | D:1      | Reached XP level 2. HP: 18/25 MP: 5/5
  1195 | D:1      | Reached XP level 3. HP: 31/31 MP: 6/6
  1255 | D:1      | Learned a level 3 spell: Stone Arrow
  3092 | D:2      | Reached XP level 4. HP: 38/38 MP: 8/8
  3231 | D:2      | Reached skill level 1 in Conjurations
  3899 | D:3      | Noticed Ijyb
  4065 | D:2      | Killed Ijyb
  4066 | D:2      | Reached XP level 5. HP: 15/44 MP: 9/9
  4530 | D:3      | Found a snail-covered altar of Cheibriados.
  4530 | D:3      | Found a burning altar of Makhleb.
  4616 | D:3      | Reached skill level 5 in Stealth
  4703 | D:3      | Noticed an ogre
  4706 | D:3      | Killed an ogre
  4707 | D:3      | Reached XP level 6. HP: 51/51 MP: 3/11
  5673 | D:4      | Noticed Sigmund
  5680 | D:4      | Killed Sigmund
  5681 | D:4      | Reached XP level 7. HP: 57/57 MP: 5/13
  6197 | D:4      | Found Kawk's Armour Emporium.
  6524 | D:5      | Entered Level 5 of the Dungeon
  6571 | D:5      | Noticed Menkaure
  6822 | D:5      | Reached skill level 5 in Spellcasting
  6822 | D:5      | Reached XP level 8. HP: 40/64 MP: 2/15
  7041 | D:5      | Reached skill level 5 in Earth Magic
  7129 | D:5      | Found an opulent altar of Gozag.
  7151 | D:5      | Became a worshipper of Gozag Ym Sagoz the Greedy
  7155 | D:5      | Identified the +4 trident of Dullness {speed, rF+ rCorr
                  | Int+4}
  7297 | D:5      | Killed Menkaure
  7298 | D:5      | Reached skill level 5 in Conjurations
  8228 | D:6      | Found a shadowy altar of Dithmenos.
  8313 | D:6      | Noticed Maggie
  8633 | D:6      | Reached XP level 9. HP: 54/70 MP: 8/18
  8803 | D:6      | Found a broken altar of Ashenzari.
  8812 | D:6      | Killed Maggie
  9394 | D:6      | Reached skill level 1 in Axes
  9774 | D:7      | Found a radiant altar of Vehumet.
 10873 | D:7      | Found a staircase to the Ecumenical Temple.
 11135 | D:7      | Found an iron altar of Okawaru.
 11304 | D:7      | Found a shimmering blue altar of Sif Muna.
 11332 | D:7      | Got Sif Muna's Spellbook of the Flamy Commander
 11684 | D:7      | Found a bloodstained altar of Trog.
 12042 | D:8      | Reached XP level 10. HP: 57/85 MP: 2/20
 12600 | D:8      | Reached skill level 1 in Shields
 12895 | D:8      | Bought a pair of jewelled gloves for 228 gold pieces
 12895 | D:8      | Identified the +1 pair of gloves "Negrol" {rF+ Dex-2
                  | Stlth+} (You bought it in a shop on level 8 of the Dungeon)
 12971 | D:8      | Reached skill level 1 in Dodging
 13721 | D:9      | Noticed a centaur warrior
 13831 | D:9      | Found a staircase to the Lair.
 14517 | D:9      | Killed a centaur warrior
 14518 | D:9      | Reached skill level 5 in Fighting
 14925 | D:9      | Reached skill level 5 in Axes
 16267 | D:9      | Found a glowing golden altar of the Shining One.
 16586 | D:10     | Entered Level 10 of the Dungeon
 16696 | D:10     | Noticed a vault guard
 16700 | D:10     | Killed a vault guard
 16701 | D:10     | Reached XP level 11. HP: 64/97 MP: 8/21
 16830 | D:10     | Found a portal to a secret trove of treasure.
 17407 | D:10     | Found a sparkling altar of Nemelex Xobeh.
 17468 | D:10     | Noticed a two-headed ogre
 17479 | D:10     | Killed a two-headed ogre
 19254 | D:12     | Noticed a skeletal warrior
 19265 | D:12     | Noticed a skeletal warrior
 19425 | D:12     | Noticed a manticore
 19429 | D:12     | Killed a manticore
 19798 | D:12     | Noticed a skeletal warrior
 19821 | D:12     | Noticed a boulder beetle
 20396 | D:11     | Killed a boulder beetle
 20616 | D:13     | Noticed Urug
 20616 | D:13     | Noticed a two-headed ogre
 20616 | D:13     | Noticed a centaur warrior
 20616 | D:13     | Noticed a tengu warrior
 20616 | D:13     | Noticed a deep elf pyromancer
 20616 | D:13     | Found a gate to the Vaults.
 20661 | D:12     | Noticed a two-headed ogre
 20679 | D:12     | Noticed a deep elf pyromancer
 20791 | D:13     | Found a gate leading to a gauntlet.
 20792 | D:13     | Noticed a cyclops
 20800 | Gauntlet | Entered a Gauntlet
 20800 | Gauntlet | Found a transporter.
 20800 | Gauntlet | Found a transporter.
 20800 | Gauntlet | Found a transporter.
 20960 | Gauntlet | Found a transporter.
 20960 | Gauntlet | Found a transporter.
 20976 | Gauntlet | Found a transporter.
 20991 | Gauntlet | Found a transporter.
 20994 | Gauntlet | Noticed a shining eye
 21008 | Gauntlet | Found a transporter.
 21016 | Gauntlet | Noticed a death scarab
 21018 | Gauntlet | Noticed a spectral death yak
 21050 | Gauntlet | Found a transporter.
 21068 | Gauntlet | Found a transporter.
 21076 | Gauntlet | Found a transporter.
 21098 | Gauntlet | Found a transporter.
 21677 | Gauntlet | Killed a death scarab
 21678 | Gauntlet | Reached skill level 5 in Shields
 21745 | Gauntlet | Killed a spectral death yak
 21870 | Gauntlet | Gained mutation: Potions are less effective at restoring
                  | your health. [a shining eye]
 21872 | Gauntlet | Killed a shining eye
 21983 | Gauntlet | Noticed a minotaur
 21997 | Gauntlet | Killed a minotaur
 21998 | Gauntlet | Reached XP level 12. HP: 34/109 MP: 23/23
 22275 | Gauntlet | Identified the +7 scimitar of Iworif {freeze, +Blink rF+
                  | Dex-2 Stlth+}
 22420 | D:13     | Reached skill level 5 in Dodging
 22903 | D:13     | Killed a tengu warrior
 23262 | D:13     | Noticed a seven-headed hydra
 23268 | D:13     | Killed a seven-headed hydra
 23517 | D:13     | Killed Urug
 24011 | D:13     | Got the Guide on Feathers
 24045 | D:13     | Killed a two-headed ogre
 24356 | D:13     | Killed a centaur warrior
 24577 | D:13     | Noticed a two-headed ogre
 24587 | D:13     | Killed a two-headed ogre
 24588 | D:13     | Mangled by a cyan ugly thing

Illustrated notes

Levels and vault maps discovered:
D:1:      nicolae_arrival_washed_ashore, layout_loops_ring
D:2:      layout_loops_ring, chequers_serial_rivers_small_b,
          minmay_tiny_reverse_x
D:3:      layout_basic, chequers_temple_overflow_statue_of_worship, uniq_ijyb
D:4:      layout_loops_ring, serial_shops, shop, uniq_sigmund
D:5:      layout_rooms, grunt_gozag_statues, uniq_menkaure
D:6:      layout_rooms, mainiacjoe_overflow_concentric_impassable,
          grunt_dithmenos_smoke_and_mirrors, minmay_crystal_water, uniq_maggie
D:7:      layout_basic, nzn_overflow_gifts_of_might_and_magic,
          vehumet_altar_wand_db, okawaru_altar_gauntlet_db,
          minmay_temple_entry_hall, nicolae_grassy_gnolls
D:8:      layout_gridville, st_stairs_2
D:9:      layout_grid_maze, lemuel_tele_altar, lair_entry_dummy, serial_glass,
          glass_columns_b, glass_columns_b, glass_columns_a, glass_columns_b,
          glass_columns_c, glass_columns_a, glass_columns_b, glass_columns_b
D:10:     layout_roguey [special_room_orc], lemuel_round_altar, enter_trove_5,
          kennysheep_decorative_pillar, minmay_between
D:11:     layout_rooms, hangedman_abyss_or_decor_stagger
D:12:     layout_layer_cave, erik_orc_2
D:13:     layout_loops_ring, david_vaults_3, gauntlet_entry_generic,
          nicolae_straight_to_the_point

Skill      XL: |  1  2  3  4  5  6  7  8  9 10 11 12 |
---------------+-------------------------------------+-----
Earth Magic    | 2 3 4 5 |  5.0
Stealth        | 4 5 |  5.0
Conjurations   | 1 2 3 4 6 8 9 |  9.1
Spellcasting   | 3 4 5 6 7 9 |  9.0
Axes           | 3 5 7 8 |  8.7
Fighting       | 4 5 7 8 |  8.8
Shields        | 3 5 6 |  6.9
Dodging        | 3 4 5 |  5.0
Armour         | |  1.5
Necromancy     | |  2.0

Action                   |  1- 3 |  4- 6 |  7- 9 | 10-12 || total
-------------------------+-------+-------+-------+-------++-------
Melee: Club              |     4 |       |       |       ||     4
       Whip              |     6 |       |       |       ||     6
       Punch             |     1 |     3 |     1 |       ||     5
       Dagger            |    99 |    66 |    52 |       ||   217
       Broad axe         |       |       |    73 |   221 ||   294
       Staff             |       |       |       |    36 ||    36
 Cast: Sandblast         |     2 |       |       |       ||     2
       Stone Arrow       |       |    14 |   119 |   248 ||   381
Invok: Call Merchant     |       |       |       |     1 ||     1
 Abil: Spit Poison       |    39 |    20 |    21 |    17 ||    97
Evoke: Wand              |       |       |     5 |     5 ||    10
  Use: Scroll            |       |       |    12 |     9 ||    21
       Potion            |       |       |       |     6 ||     6
 Stab: Sleeping          |     2 |     4 |       |       ||     6
Armor: Robe              |    39 |    28 |    10 |       ||    77
       Leather armour    |       |       |    73 |    18 ||    91
       Ring mail         |       |       |       |   167 ||   167
Dodge: Dodged            |    63 |    28 |    89 |   139 ||   319
Block: Other             |       |     8 |    54 |     3 ||    65
       Reflection        |       |       |     1 |    15 ||    16
       Buckler           |       |       |       |   154 ||   154
